 Dungeon Crawl Stone Soup version 0.29.0-13-gc9e81de378 (webtiles) character file.

Game seed: 4685853007700032084

1860 gelatine the Cleaver (level 8, -1/70 HPs)
             Began as a Minotaur Fighter on Sept 8, 2022.
             Was an Initiate of Trog.
             Slain by a gnoll
             ... wielding a +0 whip
              (6 damage)
             ... on level 6 of the Dungeon.
             The game lasted 00:13:15 (6067 turns).

gelatine the Cleaver (Minotaur Fighter)             Turns: 6067, Time: 00:13:16

Health: -1/70      AC: 13    Str: 21    XL:     8   Next: 89%
Magic:  1/7        EV:  7    Int:  5    God:    Trog [......]
Gold:   305        SH:  0    Dex: 12    Spells: 5/7 levels left

rFire   . . .      SeeInvis .   y - +0 battleaxe
rCold   + . .      Faith    .   (shield currently unavailable)
rNeg    . . .      Spirit   .   q - +0 plate armour {rC+}
rPois   .          Reflect  .   (helmet restricted)
rElec   .          Harm     .   (no cloak)
rCorr   .          Rampage  .   (no gloves)
Will    .....                   (no boots)
Stlth   ..........              (no amulet)
HPRegen 0.21/turn               (no ring)
MPRegen 0.10/turn               (no ring)

@: weakened, wreathed by umbra
A: horns 2, retaliatory headbutt
a: Renounce Religion


You were on level 6 of the Dungeon.
You worshipped Trog.
Trog was noncommittal.
You visited 2 branches of the dungeon, and saw 7 of its levels.

You collected 305 gold pieces.

Inventory:

Hand Weapons
 a - a +0 war axe
 y - a +0 battleaxe (weapon)
Armour
 b - a +0 scale mail
 c - a +0 buckler
 q - a +0 plate armour of cold resistance (worn)
Magical Staves
 u - a staff of poison
 w - a staff of air
Wands
 x - a wand of roots (8)
 D - a wand of flame (13)
Scrolls
 g - a scroll of enchant weapon {unknown}
 k - 2 scrolls of fear
 n - a scroll of acquirement {unknown}
 o - a scroll of blinking {unknown}
 r - a scroll of immolation {unknown}
 v - 2 scrolls of noise
 A - a scroll of teleportation {unknown}
 B - a scroll of vulnerability {unknown}
 C - a scroll of fog {unknown}
Potions
 d - a potion of might
 f - 4 potions of curing
 h - a potion of mutation
 i - 2 potions of lignification
 j - a potion of haste {unknown}
 l - a potion of magic {unknown}
 m - 2 potions of flight
 p - 2 potions of brilliance
 s - 2 potions of invisibility
 t - a potion of cancellation {unknown}
 z - a potion of heal wounds {unknown}


   Skills:
 * Level 6.0 Fighting
 * Level 9.7 Axes
 * Level 7.2 Armour
 * Level 3.4 Dodging
 + Level 1.2 Stealth
 * Level 5.6 Shields
 * Level 0.6 Evocations


You had 5 spell levels left.
You knew the following spells:

 Your Spells              Type           Power      Damage    Failure   Level
a - Shock                 Conj/Air       0%         1d3       100%        1
b - Freeze                Ice            0%         1d3       100%        1

Your spell library contained the following spells:

 Spells                   Type           Power      Damage    Failure   Level
 Sting                    Tmut/Pois      0%         1d3       100%        1
 Poisonous Vapours        Pois/Air       0%         N/A       100%        2
 Scorch                   Fire           0%         2d5       100%        2
 Ignite Poison            Fire/Tmut/Pois 0%         N/A       100%        3
 Mephitic Cloud           Conj/Pois/Air  0%         N/A       100%        3
 Summon Guardian Golem    Hex/Summ       0%         N/A       100%        3
 Flame Wave               Conj/Fire      0%         2d4       100%        4
 Olgreb's Toxic Radiance  Pois           0%         N/A       100%        4
 Freezing Cloud           Conj/Ice/Air   0%         6-21      100%        5
 Summon Cactus Giant      Summ           0%         N/A       100%        6
 Orb of Destruction       Conj           0%         9d5       100%        7
 Spellforged Servitor     Conj/Summ      0%         N/A       100%        7


Dungeon Overview and Level Annotations

Branches:
Dungeon (6/15)             Temple (1/1) D:6

Altars:
Ashenzari
Cheibriados
Dithmenos
Elyvilon
Fedhas
Gozag
Hepliaklqana
Kikubaaqudgha
Makhleb
Nemelex Xobeh
Okawaru
Qazlal
Ru
Sif Muna
Trog
Uskayaw
Vehumet
Wu Jian
Xom
Yredelemnul
Zin
The Shining One

Shops:
D:1 [   D:2 !

Annotations:
D:6 1 transporter


Innate Abilities, Weirdness & Mutations

You have a pair of horns on your head.
You reflexively headbutt those who attack you in melee.


Message History

* * * LOW HITPOINT WARNING * * *
You writhe in agony.
* * * LOW HITPOINT WARNING * * *
The gnoll bouda hits you but does no damage.
The gnoll hits you from afar with a +0 spear.
* * * LOW HITPOINT WARNING * * *
The gnoll sergeant hits you with a +4 antimagic trident.
* * * LOW HITPOINT WARNING * * *
You feel your power leaking away.
The gnoll hits you from afar with a +0 spear.
* * * LOW HITPOINT WARNING * * *
Okay, then.
As you read the scroll labelled NYCVAXK CIMNIPSE, it crumbles to dust.
You assume a fearsome visage.
The gnoll sergeant looks frightened!
The gnoll looks frightened! x3; The gnoll bouda looks frightened!
The gnoll sergeant looks frightened!
It was a scroll of fear.
The gnoll bouda begs for mercy.
As you read the scroll labelled HEABEISCHOCH, it crumbles to dust.
It is a scroll of identify.
i - 2 potions of lignification
As you read the scroll labelled SOANOW APRELO, it crumbles to dust.
You hear a loud clanging noise!
It was a scroll of noise.
The gnoll sergeant howls, "Help!"
The gnoll pleads, "Please don't kill me!"
Cornered, the gnoll turns to fight!
As you read the scroll of identify, it crumbles to dust.
m - 2 potions of flight The gnoll is no longer moving quickly.
The gnoll sergeant is no longer moving quickly.
The gnoll prays for help.
As you read the scroll of identify, it crumbles to dust.
p - 2 potions of brilliance
As you read the scroll of identify, it crumbles to dust.
s - 2 potions of invisibility
As you read the scroll of identify, it crumbles to dust.
h - a potion of mutation The gnoll shouts, "No!
I'll never do that again!"
Cornered, the gnoll turns to fight!
The gnoll hits you with a +0 whip.
You die...

#...≈≈≈≈≈≈≈≈≈≈≈≈)≈≈≈≈≈≈≈≈≈≈≈≈.#
#.#.≈≈#####...........#####≈≈.#
#...≈≈#..g#.###.©.###.#...#≈≈.#
#...≈≈#...###g#####.###...#≈≈.#
#.#.≈≈###.....g.........###≈≈.#
##.#.≈≈.8#.######'######.#8.≈≈.##
.....≈≈.##.#.⌠.#..8# $#.##.≈≈..#
####.~~.#g.'.g...©⌠# '.g#.~~..# #
#.≈≈.##.#.g.#@.8# #.##.≈≈..#
####.≈≈.8#.######g## ### #8.≈≈..#
.....≈≈###....g....... ..###≈≈..#
####.≈≈#...###g#####.###...#≈≈..#
#.≈≈#...#.###.©.###.#...#≈≈..#
#)≈≈#####...........#####≈≈..#
#.≈≈≈≈≈≈≈≈≈≈≈...≈≈≈≈≈≈≈≈≈≈≈..#
#.≈≈≈≈≈≈≈≈≈≈≈...≈≈≈≈≈≈≈≈≈≈≈..#
#............................#


You could see 3 gnolls.

Vanquished Creatures
  Grinder (D:5)
  Sigmund (D:5)
  Eustachio (D:5)
  A black bear (D:6)
  An ice beast (D:6)
  An ogre (D:5)
  4 phantoms
  Blork the orc (D:5)
  A necrophage (D:6)
  A scorpion (D:6)
  A howler monkey (D:6)
  4 hounds
  A jelly (D:5)
  A gnoll bouda (D:6)
  An orc priest (D:6)
  2 iguanas
  3 orc wizards (D:6)
  The ghost of ragingrage the Sneak, a weakling HuDe (D:6)
  10 adders
  3 gnolls (D:6)
  A white imp (D:4)
  An ufetubus (D:5)
  3 worms (D:2)
  4 dart slugs
  10 orcs
  A bat (D:3)
  4 endoplasms
  A giant cockroach (D:2)
  5 goblins
  4 hobgoblins
  2 jackals (D:3)
  7 kobolds
  5 quokkas
  6 ball pythons
  2 frilled lizards (D:2)
  4 rats
100 creatures vanquished.

Vanquished Creatures (others)
  6 plants (D:6)
6 creatures vanquished.

Grand Total: 106 creatures vanquished

Notes
Turn   | Place    | Note
-------+----------+-------------------------------------------
     0 | D:1      | gelatine the Minotaur Fighter began the quest for the Orb.
     0 | D:1      | Reached XP level 1. HP: 19/19 MP: 0/0
    30 | D:1      | Found Paongoen's Armour Shoppe.
   136 | D:1      | Found a faded altar of an unknown god.
   290 | D:1      | Reached XP level 2. HP: 22/27 MP: 1/1
   416 | D:1      | Prayed at the altar of an unknown god.
   416 | D:1      | Became a worshipper of Vehumet
   416 | D:1      | Reached * piety under Vehumet
   416 | D:1      | Offered knowledge of Shock by Vehumet.
   419 | D:1      | Learned a level 1 spell: Shock
   756 | D:2      | Found Soaler's Distillery.
   915 | D:2      | Reached XP level 3. HP: 28/33 MP: 2/2
  1096 | D:2      | Reached skill level 3 in Axes
  1618 | D:2      | Reached XP level 4. HP: 40/40 MP: 3/3
  1786 | D:2      | Found a blossoming altar of Fedhas.
  1818 | D:3      | Noticed a phantom
  1825 | D:3      | Offered knowledge of Freeze by Vehumet.
  1829 | D:3      | Killed a phantom
  1829 | D:3      | Reached ** piety under Vehumet
  1830 | D:3      | Reached skill level 4 in Axes
  1830 | D:3      | Reached XP level 5. HP: 38/46 MP: 4/4
  1832 | D:3      | Learned a level 1 spell: Freeze
  2643 | D:4      | Reached skill level 5 in Axes
  2643 | D:4      | Reached skill level 1 in Dodging
  2817 | D:4      | Reached skill level 1 in Stealth
  2972 | D:4      | Offered knowledge of Dazzling Flash by Vehumet.
  3254 | D:4      | Reached skill level 5 in Armour
  3254 | D:4      | Reached XP level 6. HP: 50/53 MP: 5/5
  3416 | D:5      | Entered Level 5 of the Dungeon
  3524 | D:5      | Noticed Eustachio
  3539 | D:5      | Killed Eustachio
  3540 | D:5      | Reached skill level 6 in Axes
  3635 | D:5      | Reached XP level 7. HP: 60/60 MP: 6/6
  3672 | D:5      | Noticed Grinder
  3676 | D:5      | Paralysed by Grinder for 5 turns
  3695 | D:5      | Killed Grinder
  3696 | D:5      | Reached skill level 7 in Axes
  3860 | D:5      | Noticed Blork the orc
  3872 | D:5      | Killed Blork the orc
  3873 | D:5      | Reached skill level 5 in Fighting
  3884 | D:5      | Noticed Sigmund
  3896 | D:5      | Killed Sigmund
  3897 | D:5      | Reached skill level 5 in Shields
  4191 | D:5      | Reached skill level 8 in Axes
  4191 | D:5      | Reached XP level 8. HP: 57/68 MP: 7/7
  4515 | D:5      | Found a hazy altar of Hepliaklqana.
  4516 | D:5      | Found a shimmering altar of Xom.
  4517 | D:5      | Noticed a spectral ugly thing
  4549 | D:5      | Noticed a troll
  4632 | D:5      | Reached *** piety under Vehumet
  4762 | D:6      | Found a transporter.
  4963 | D:6      | Reached skill level 9 in Axes
  5044 | D:6      | Found a staircase to the Ecumenical Temple.
  5079 | Temple   | Entered the Ecumenical Temple
  5430 | Temple   | Fell from the grace of Vehumet
  5430 | Temple   | Became a worshipper of Trog the Wrathful
  5714 | D:6      | Found a transporter.
  6040 | D:6      | Noticed ragingrage's ghost (weakling HuDe)
  6047 | D:6      | Identified the +11 trident "Yxuerone" {pain, rC+ Dex+4}
  6055 | D:6      | Killed ragingrage's ghost
  6059 | D:6      | HP: 3/70 [gnoll/+0 spear (2)]
  6067 | D:6      | Slain by a gnoll

Illustrated notes

Levels and vault maps discovered:
D:1:      scummos_arrival_checkerplants, layout_basic, basic_ecumenical_altar,
          serial_shops, shop, minmay_pentomino_w2
D:2:      layout_loops_ring, serial_shops, nicolae_shop_crystal, basic_altar,
          minmay_misc_feat_rows, minmay_fractal_squares_5
D:3:      layout_loops_cross, minmay_tree_intersection, item_on_display_a
D:4:      layout_loops_ring
D:5:      layout_gridville, regret_index_temple_of_mockery,
          minmay_misc_feat_pillars, lightli_corner_chamber, uniq_eustachio,
          uniq_grinder, uniq_blork_the_orc, uniq_sigmund
D:6:      layout_rooms, minmay_temple_entry_mist, gammafunk_ghost_gnarly_gnolls,
          hangedman_decor_points
Temple:   mainiacjoe_temple_cubbyholes

Skill      XL: |  1  2  3  4  5  6  7  8 |
---------------+-------------------------+-----
Armour         | 4 5 6 7 |  7.2
Fighting       | 4 5 6 |  6.0
Shields        | 4 5 |  5.6
Axes           | 3 4 5 6 8 9 |  9.7
Dodging        | 1 2 3 |  3.4
Stealth        | 1 |  1.2
Evocations     | |  0.6

Action                   |  1- 3 |  4- 6 |  7- 9 || total
-------------------------+-------+-------+-------++-------
Melee: War axe           |    56 |    85 |    59 ||   200
       Headbutt          |     9 |     3 |    19 ||    31
       Battleaxe         |       |       |    78 ||    78
  Use: Scroll            |       |       |     7 ||     7
       Potion            |       |       |     1 ||     1
Armor: Scale mail        |    18 |    31 |       ||    49
       Plate armour      |       |    19 |   137 ||   156
Dodge: Dodged            |    20 |    36 |    52 ||   108
Block: Buckler           |    11 |    21 |    14 ||    46
